 Dungeon Crawl Stone Soup version 0.25.1-2-g60ff931df9 (webtiles) character file.

Game seed: 11697218231499592666

9634 Doot the Zephyrmancer (level 11, -6/77 HPs)
             Began as a Green Draconian Air Elementalist on Aug 28, 2020.
             Was a Priest of Sif Muna.
             Mangled by a white ugly thing (32 damage)
             ... on level 11 of the Dungeon.
             The game lasted 00:26:29 (13230 turns).

Doot the Zephyrmancer (DrAE)                       Turns: 13230, Time: 00:26:30

Health: -6/77      AC:  7    Str: 10    XL:     11   Next: 25%
Magic:  34/34      EV: 14    Int: 18    God:    Sif Muna [***...]
Gold:   631        SH:  0    Dex: 19    Spells: 17/30 levels left

rFire    . . .     SeeInvis .   A - +4 battleaxe
rCold    . . .     Gourm    .   (shield currently unavailable)
rNeg     . . .     Faith    .   (armour unavailable)
rPois    +         Spirit   .   (helmet restricted)
rElec    .         Reflect  .   (no cloak)
rCorr    .         Harm     .   (no gloves)
MR       .....                  (no boots)
Stlth    +++.......             x - amulet of magic regeneration
HPRegen  0.22/turn              t - ring of magical power
MPRegen  0.49/turn              F - +6 ring of dexterity

@: no status effects
A: breathe noxious fumes, unfitting armour, poison resistance, cold-blooded, AC
+7
a: Breathe Noxious Fumes, Channel Magic, Forget Spell, Renounce Religion


You were on level 11 of the Dungeon.
You worshipped Sif Muna.
Sif Muna was most pleased with you.
You were not hungry.

You visited 2 branches of the dungeon, and saw 12 of its levels.
You also visited: Bailey.

You collected 631 gold pieces.

Inventory:

Hand Weapons
 e - a +0 whip
 w - a +0 rapier
 A - a +4 battleaxe (weapon)
Missiles
 J - a throwing net (quivered)
Armour
 p - a +0 kite shield
Jewellery
 t - a ring of magical power (left hand)
 x - an amulet of magic regeneration (around neck)
 y - an uncursed amulet of the acrobat {unknown}
 F - a +6 ring of dexterity (right hand)
 H - a +6 ring of dexterity
 O - a +6 ring of dexterity
Wands
 u - a wand of enslavement (20)
 v - a wand of disintegration (21)
 C - a wand of acid (6)
 D - a wand of paralysis (13)
 E - a wand of iceblast (5)
 I - a wand of random effects (12)
 N - a wand of polymorph (13)
Scrolls
 a - 3 scrolls of magic mapping {unknown}
 c - 2 scrolls of enchant armour {unknown}
 f - 4 scrolls of blinking {unknown}
 g - 7 scrolls of identify {unknown}
 i - 12 scrolls of remove curse {unknown}
 j - a scroll of noise {unknown}
 k - 5 scrolls of enchant weapon {unknown}
 l - 5 scrolls of teleportation {unknown}
 m - 3 scrolls of amnesia {unknown}
 o - 2 scrolls of immolation {unknown}
 q - 4 scrolls of fog {unknown}
 K - a scroll of random uselessness {unknown}
Potions
 d - 2 potions of degeneration {unknown}
 h - 4 potions of lignification {unknown}
 n - a potion of might {unknown}
 r - 2 potions of haste {unknown}
 s - 2 potions of curing {unknown}
 z - a potion of cancellation {unknown}
 B - a potion of stabbing {unknown}
 G - a potion of flight {unknown}
 M - 2 potions of invisibility {unknown}
Miscellaneous
 L - a phial of floods
Comestibles
 b - 9 rations


   Skills:
 + Level 1.0 Fighting
 + Level 1.3 Short Blades
 + Level 0.3(0.7) Axes
 + Level 1.0(1.1) Maces & Flails
 + Level 3.0 Dodging
 + Level 4.2 Stealth
 + Level 10.2 Spellcasting
 + Level 4.7 Conjurations
 * Level 4.7 Summonings
 + Level 11.2 Air Magic
 + Level 0.1 Evocations


You had 17 spell levels left.
You knew the following spells:

 Your Spells              Type           Power        Failure   Level  Hunger
a - Shock                 Conj/Air       ####         1%          1    None
b - Airstrike             Air            #####.....   1%          4    ###....
c - Lightning Bolt        Conj/Air       #####.....   9%          5    #####..
d - Call Canine Familiar  Summ           ####....     3%          3    None

Your spell library contained the following spells:

 Spells                   Type           Power        Failure   Level  Hunger
 Summon Butterflies       Summ           ####....     1%          1    None
 Swiftness                Chrm/Air       ####....     1%          2    None
 Static Discharge         Conj/Air       #####...     1%          3    None
 Beastly Appendage        Tmut           #.....       8%          1    None
 Infusion                 Chrm           #...         8%          1    None
 Shroud of Golubria       Chrm/Tloc      #.....       12%         2    None
 Song of Slaying          Chrm           #.......     12%         2    None
 Sticks to Snakes         Tmut           #.......     12%         2    None
 Ozocubu's Armour         Chrm/Ice       #.......     24%         3    None
 Spectral Weapon          Hex/Chrm       #.......     24%         3    None
 Spider Form              Tmut/Pois      #.........   24%         3    None
 Summon Ice Beast         Ice/Summ       ###.....     28%         4    ###....
 Ice Form                 Ice/Tmut       #.......     61%         4    ###....
 Irradiate                Conj/Tmut      ###.......   63%         5    #####..
 Summon Mana Viper        Hex/Summ       ###.....     63%         5    #####..
 Blade Hands              Tmut           #.........   91%         5    #####..
 Hydra Form               Tmut           #.........   100%        6    ######.
 Statue Form              Tmut/Erth      #........    100%        6    ######.
 Dragon Form              Tmut           #.........   100%        7    #######
 Summon Hydra             Summ           ####......   100%        7    #######


Dungeon Overview and Level Annotations

Branches:
Dungeon (11/15)            Temple (1/1) D:5          Bailey (visited)
   Lair: D:8-11         Orc: D:9-12

Altars:
Ashenzari
Cheibriados
Dithmenos
Elyvilon
Fedhas
Gozag
Hepliaklqana
Makhleb
Okawaru
Qazlal
Sif Muna
Trog
Vehumet
Wu Jian
Xom
Yredelemnul
Zin
The Shining One

Shops:
D:6 }   D:7 (

Annotations:
D:2 Grinder
D:3 Ijyb, Terence
D:9 1 exclusion
D:10 1 exclusion


Innate Abilities, Weirdness & Mutations

You can breathe blasts of noxious fumes.
Your lurid green scales are hard. (AC +7)
You cannot fit into any form of body armour.
Your system is resistant to poisons. (rPois)
You are cold-blooded and may be slowed by cold attacks.


Message History

A two-headed ogre comes into view.
It is wielding a +0 dire flail and a +0 giant spiked club.
Casting: Shock (safe; 1% risk of failure)
Confirm with . or Enter, or press ? or * to list all spells.
Aiming: Shock (safe; 1% risk of failure)
Press: ? - help, Shift-Dir - straight line The zap hits the centaur.
The centaur is heavily wounded.
The zap hits the centaur.
The centaur is heavily wounded.
The death yak bellows!
You hear a bellow!
The centaur misses you. The centaur closely misses you.
A rat comes into view.
The white ugly thing pecks you. The white ugly thing freezes you!!
You feel yourself slow down.
The centaur wields a +2 shortbow of flaming.
It bursts into flame!
The centaur shoots an arrow.
The arrow closely misses you.
You feel yourself speed up. The white ugly thing pecks you.
The white ugly thing freezes you!!
You die...

...# #.# ...############
..# # [.............#
..#.# ###........(..#
##.#. #...........# ...
#...........# #.#
#...........# #.#
#...........####.####.%.
#.........(...@u(OcY...r
#...........########....
##########'## ..
############.#
.............#
##############


You could see a death yak, a white ugly thing, a two-headed ogre and a centaur.

Vanquished Creatures
  A centaur warrior (D:9)
  2 deep elf magi
  An oklob plant (D:9)
  A centaur zombie (D:10)
  A gargoyle (D:10)
  2 trolls
  A merfolk (D:9)
  A hippogriff (D:11)
  A shadow (D:9)
  A wyvern (D:11)
  Grum (D:9)
  Eustachio (D:4)
  An acid dragon (D:9)
  2 water moccasins
  A black bear (D:9)
  A sky beast (D:8)
  3 ice beasts
  2 orc warriors (D:8)
  4 phantoms
  3 wolves (D:9)
  7 ogres
  A crocodile (D:9)
  7 centaurs
  2 big kobolds
  7 bullfrogs
  A water moccasin skeleton (D:10)
  4 scorpions
  8 killer bees
  7 wights
  5 howler monkeys
  2 bullfrog zombies
  4 crimson imps
  A jelly (D:7)
  4 orc priests
  3 hounds
  2 bullfrog skeletons
  8 orc wizards
  6 iguanas
  7 worker ants
  A killer bee zombie (D:7)
  A hound zombie (D:10)
  A howler monkey skeleton (D:10)
  12 adders
  13 gnolls
  A shadow imp (D:9)
  An adder skeleton (D:10)
  A worm (D:3)
  A dart slug (D:2)
  6 leopard geckos
  23 orcs
  3 bats
  4 giant cockroaches
  5 goblins
  9 hobgoblins
  8 jackals
  12 kobolds
  3 quokkas
  2 ball pythons
  3 frilled lizards
  A leopard gecko skeleton (D:6)
  4 rats
232 creatures vanquished.

Notes
Turn   | Place    | Note
-------+----------+-------------------------------------------
     0 | D:1      | Doot the Draconian Air Elementalist began the quest for the
                  | Orb.
     0 | D:1      | Reached XP level 1. HP: 14/14 MP: 3/3
   326 | D:1      | Reached XP level 2. HP: 14/20 MP: 0/5
  1276 | D:2      | Reached XP level 3. HP: 26/26 MP: 2/6
  1409 | D:2      | Reached skill level 1 in Maces & Flails
  1910 | D:3      | Reached XP level 4. HP: 33/33 MP: 7/7
  1919 | D:3      | Learned a level 4 spell: Airstrike
  1961 | D:3      | Noticed Ijyb
  2087 | D:3      | Noticed Grinder
  2094 | D:2      | Paralysed by Grinder for 5 turns
  2603 | D:3      | Found a bloodstained altar of Trog.
  2752 | D:3      | Noticed Terence
  2817 | D:4      | Found a white marble altar of Elyvilon.
  2842 | D:4      | Reached XP level 5. HP: 38/38 MP: 9/9
  3036 | D:4      | Reached skill level 4 in Air Magic
  3232 | D:4      | Noticed an ogre
  3240 | D:4      | Learned a level 5 spell: Lightning Bolt
  3253 | D:4      | Noticed Eustachio
  3279 | D:4      | Noticed an ogre
  3367 | D:4      | Killed Eustachio
  3367 | D:4      | Reached XP level 6. HP: 32/45 MP: 3/11
  3588 | D:4      | Found a stormy altar of Qazlal.
  3590 | D:4      | Found a shattered altar of Ashenzari.
  3707 | D:5      | Entered Level 5 of the Dungeon
  3751 | D:5      | Reached skill level 5 in Air Magic
  3857 | D:5      | Found an opulent altar of Gozag.
  3946 | D:5      | Found a shadowy altar of Dithmenos.
  4090 | D:5      | Found a staircase to the Ecumenical Temple.
  4142 | Temple   | Entered the Ecumenical Temple
  4297 | Temple   | Became a worshipper of Sif Muna the Loreminder
  4707 | D:6      | Your scales start taking on a lurid green colour.
  4707 | D:6      | Reached XP level 7. HP: 49/50 MP: 13/13
  4707 | D:6      | Gained mutation: Your system is resistant to poisons.
                  | (rPois) [Green Draconian growth]
  4835 | D:6      | Found Sargh's Gadget Shop.
  5366 | D:4      | Reached skill level 6 in Air Magic
  5420 | D:4      | Reached skill level 5 in Spellcasting
  5673 | D:6      | Reached XP level 8. HP: 40/57 MP: 15/15
  5956 | D:6      | Reached skill level 1 in Short Blades
  6405 | D:7      | Found a flagged portal.
  6417 | D:7      | Reached skill level 7 in Air Magic
  6441 | Bailey   | Entered a bailey
  6551 | Bailey   | Noticed a deep elf mage
  6555 | Bailey   | Killed a deep elf mage
  6887 | Bailey   | Noticed a deep elf mage
  6889 | Bailey   | Noticed a deep elf mage
  6889 | Bailey   | Noticed a deep elf mage
  6902 | D:7      | Killed a deep elf mage
  6902 | D:7      | Reached XP level 9. HP: 48/63 MP: 19/19
  6983 | D:7      | Found Zuxkeh's Weapon Emporium.
  7020 | D:7      | Reached skill level 8 in Air Magic
  7254 | D:7      | Reached * piety under Sif Muna
  7290 | D:7      | Found the +0 sword of Power
  7535 | D:7      | Found an ornate altar of the Wu Jian Council.
  8026 | D:7      | Reached skill level 1 in Fighting
  8344 | D:8      | Reached skill level 9 in Air Magic
  8780 | D:8      | Learned a level 3 spell: Call Canine Familiar
  9248 | D:8      | Reached ** piety under Sif Muna
  9248 | D:8      | Reached skill level 1 in Summonings
  9248 | D:8      | Reached XP level 10. HP: 70/71 MP: 22/22
  9555 | D:8      | Found a blossoming altar of Fedhas.
  9813 | D:9      | Noticed Grum
  9821 | D:10     | Entered Level 10 of the Dungeon
 10134 | D:9      | Found a hazy altar of Hepliaklqana.
 10141 | D:9      | Noticed an oklob plant
 10165 | D:9      | Killed an oklob plant
 10358 | D:9      | Found a basalt altar of Yredelemnul.
 10388 | D:9      | Killed Grum
 10388 | D:9      | Reached skill level 10 in Air Magic
 11230 | D:9      | Noticed a centaur warrior
 11239 | D:9      | Killed a centaur warrior
 11430 | D:9      | Noticed a catoblepas
 11880 | D:10     | Noticed a gargoyle
 11883 | D:10     | Killed a gargoyle
 11883 | D:10     | Reached *** piety under Sif Muna
 11883 | D:10     | Reached XP level 11. HP: 77/77 MP: 24/24
 12063 | D:10     | Reached skill level 10 in Spellcasting
 12063 | D:10     | Reached skill level 11 in Air Magic
 12364 | D:10     | Noticed a cyan ugly thing
 13226 | D:11     | Noticed a death yak
 13226 | D:11     | Noticed a white ugly thing
 13227 | D:11     | Noticed a two-headed ogre
 13230 | D:11     | Mangled by a white ugly thing

Illustrated notes

Levels and vault maps discovered:
D:1:      lemuel_arrival_lava_pool, layout_rooms, corexii_leaking_fountain,
          chequers_decorated_corner
D:2:      layout_rooms, minivault_25, minmay_tetromino_o2
D:3:      layout_rooms, bloody_trog, uniq_ijyb, uniq_grinder, uniq_terence
D:4:      layout_loops_ring, grunt_temple_overflow_open, first_ration,
          st_stairs_14, uniq_eustachio
D:5:      layout_loops_ring, minmay_temple_entry_glass, kennysheep_flooded_box,
          nicolae_dithmenos_shadow_blocks
D:6:      layout_cave_pools, serial_shops, shop_fountains
D:7:      layout_gridville, lemuel_crystal_altar, enter_bailey_3, serial_shops,
          nicolae_shop_stone
D:8:      layout_gridville, overflow_temple_1_default
D:9:      hangedman_cross_veins, layout_layer_cave, marbit_many_paths,
          hangedman_fish_farm, lemuel_oklob_altar, uniq_grum
D:10:     cheibrodos_breeding_chamber, layout_long_grid
D:11:     layout_basic, dpeg_lair_monsters, erik_orc_1, hex_medium
Temple:   regret_index_temple_generic_petals

Skill      XL: |  1  2  3  4  5  6  7  8  9 10 11 |
---------------+----------------------------------+-----
Dodging        | 2 3 |  3.0
Maces & Flails | 1 |  1.0
Stealth        | 2 3 4 |  4.2
Conjurations   | 2 3 4 |  4.7
Air Magic      | 4 5 6 7 9 10 11 | 11.2
Spellcasting   | 3 4 5 6 8 9 10 | 10.2
Short Blades   | 1 |  1.3
Fighting       | 1 |  1.0
Summonings     | 1 4 |  4.7
Axes           | |  0.3
Evocations     | |  0.1

Action                   |  1- 3 |  4- 6 |  7- 9 | 10-12 || total
-------------------------+-------+-------+-------+-------++-------
Melee: Whip              |     8 |     2 |       |       ||    10
       Tailslap          |     1 |     1 |     3 |       ||     5
       Rapier            |       |     2 |    15 |       ||    17
       Battleaxe         |       |       |     8 |     5 ||    13
 Cast: Shock             |    66 |    92 |    69 |    30 ||   257
       Airstrike         |       |     6 |    93 |   144 ||   243
 Abil: Breathe Noxious F |       |       |     7 |     4 ||    11
Evoke: Wand              |       |       |     1 |       ||     1
 Stab: Sleeping          |     1 |       |     1 |       ||     2
       Confused          |       |       |     4 |     2 ||     6
  Eat: Chunk             |     4 |     7 |    20 |    19 ||    50
       Ration            |       |     1 |     2 |     2 ||     5
Armor: Skin              |    15 |    14 |    21 |    15 ||    65
Dodge: Dodged            |    30 |    37 |    65 |    34 ||   166
